 Dungeon Crawl Stone Soup version 0.29.1-1-gd02db6906a (webtiles) character file.

Game seed: 4846559825820447577

23 hawla the Grasshopper (level 3, 0/28 HPs)
             Began as a Meteoran Wanderer on Oct 6, 2022.
             Slain by a jackal (1 damage)
             ... on level 1 of the Dungeon.
             The game lasted 00:01:49 (336 turns).

hawla the Grasshopper (Meteoran Wanderer)            Turns: 336, Time: 00:01:50

Health: 0/28       AC:  2    Str: 13    XL:     3   Next: 26%
Magic:  6/6        EV: 11    Int: 12    God:
Gold:   28         SH:  0    Dex: 17    Spells: 3/4 levels left

rFire   . . .      SeeInvis .   a - +1 quarterstaff
rCold   . . .      Faith    .   (shield currently unavailable)
rNeg    . . .      Spirit   .   c - +0 robe
rPois   .          Reflect  .   (no helmet)
rElec   .          Harm     .   (no cloak)
rCorr   .          Rampage  .   (no gloves)
Will    .....                   (no boots)
Stlth   +.........              (no amulet)
HPRegen 0.09/turn               (no ring)
MPRegen 0.10/turn               (no ring)

@: glowing, invisible (but backlit and visible) (expiring)
A: sense surroundings 1, otherworldly, glowing, explore regen
a: no special abilities


You were on level 1 of the Dungeon.
You visited 1 branch of the dungeon, and saw 1 of its levels.

You collected 28 gold pieces.

Inventory:

Hand Weapons
 a - a +1 quarterstaff (weapon)
Armour
 c - a +0 robe (worn)
Scrolls
 b - a scroll of blinking {unknown}


   Skills:
 + Level 1.3 Fighting
 + Level 1.7 Staves
 - Level 1.0 Stealth
 + Level 1.3 Spellcasting
 + Level 6.7 Translocations
 + Level 1.2 Invocations


You had 3 spell levels left.
You knew the following spells:

 Your Spells              Type           Power      Damage    Failure   Level
a - Apportation           Tloc           32%        N/A       1%          1

Your spell library contained the following spells:

 Spells                   Type           Power      Damage    Failure   Level
 Blink                    Tloc           32%        N/A       2%          2
 Portal Projectile        Hex/Tloc       16%        N/A       22%         3
 Magic Dart               Conj           0%         1d3       28%         1
 Searing Ray              Conj           0%         2d4       41%         2
 Fulminant Prism          Conj/Hex       0%         3d6       96%         4


Dungeon Overview and Level Annotations

Branches:
Dungeon (1/15) Zot: 250

Altars:


Innate Abilities, Weirdness & Mutations

You passively map a small area around you.
You are easily found by Zot.
You glow in the dark.
You regain HP and MP as you explore.


Message History

* * * LOW HITPOINT WARNING * * *
The jackal bites you.
* * * LOW HITPOINT WARNING * * *
You see here an orb of energy.
You completely miss the jackal.
The jackal is almost dead.
The jackal bites you.
* * * LOW HITPOINT WARNING * * *
It was a potion of invisibility.
You become transparent, but the glow from your body prevents you from becoming completely invisible.
The jackal bites you.
* * * LOW HITPOINT WARNING * * *
The jackal bites you but does no damage.
You completely miss the jackal.
The jackal is almost dead.
The jackal bites you but does no damage.
The jackal closely misses you.
You barely miss the jackal.
The jackal is almost dead.
The jackal bites you.
* * * LOW HITPOINT WARNING * * *
You closely miss the jackal.
The jackal is almost dead.
The jackal bites you but does no damage.
The jackal completely misses you. The jackal attacks as you move away!
The jackal bites you but does no damage.
The jackal bites you.
* * * LOW HITPOINT WARNING * * *
The jackal closely misses you.
You flicker for a moment.
The jackal attacks as you move away!
The jackal bites you but does no damage.
The jackal attacks as you move away! The jackal barely misses you.
The jackal bites you.
* * * LOW HITPOINT WARNING * * *
You closely miss the jackal.
The jackal is severely wounded.
The jackal bites you.
You die...

#r#
#####.....###...
#g# #.....# ###.
#[# #.....# ##
#g#### #.....# #.
#..h.##
#.....#####)
####..#
#.$...##....
####.###.....##.#.#
#..hh....###..#...#
#.@......####...###
#........#.h†.###
#..........####
#........###
#........#
#........#
##########


You could see 2 jackals.

Vanquished Creatures
  2 dart slugs (D:1)
  3 endoplasms (D:1)
  A goblin (D:1)
  A hobgoblin (D:1)
  3 kobolds (D:1)
  A quokka (D:1)
  2 ball pythons (D:1)
  A frilled lizard (D:1)
  4 rats (D:1)
18 creatures vanquished.

Notes
Turn   | Place    | Note
-------+----------+-------------------------------------------
     0 | D:1      | hawla the Meteoran Wanderer began the quest for the Orb.
     0 | D:1      | hawla set off with the following items: a +1 quarterstaff,
                  | a potion of heal wounds, a +0 robe; and the following spell
                  | memorised: Apportation; and the following spells available
                  | to memorise: Blink, Portal Projectile.
     0 | D:1      | Reached XP level 1. HP: 16/16 MP: 3/3
    75 | D:1      | Reached XP level 2. HP: 21/23 MP: 5/5
   258 | D:1      | Reached XP level 3. HP: 17/28 MP: 6/6
   330 | D:1      | HP: 1/28 [jackal (2)]
   335 | D:1      | HP: 1/28 [jackal (1)]
   336 | D:1      | Slain by a jackal

Illustrated notes

Levels and vault maps discovered:
D:1:      dpeg_arrival_solitude, layout_rooms

Action                   || total
-------------------------++-------
Melee: Quarterstaff      ||    55
  Use: Potion            ||     3
Armor: Robe              ||    19
Dodge: Dodged            ||    35
